Map: Kairos Junction LE

Players

TiPtOP - Winner!

  • Race: Terran Terran
  • League: Silver
  • Spawn Location: 11:00

Xev

  • Race: Zerg Zerg
  • League: Silver
  • Spawn Location: 5:00

VOD

Have the link to the VOD?

Description

Time

  • Played on: Aug. 19, 2019, 11:07 a.m.
  • Length: 19:23
Show
View Real Time Build Order
Export as new Build Order

TiPtOP Terran - Winner!

Build Orders: Mech 

Get SALT Encoding   

  12  0:01  SCV  
  13  0:13  SCV  
  14  0:21  Supply Depot  
  14  0:25  SCV  
  15  0:43  SCV  
  15  0:45  Barracks  
  16  0:50  Refinery  
  16  0:55  SCV  
  17  1:03  Supply Depot  
  17  1:11  SCV  
  18  1:23  SCV  
  19  1:36  Orbital Command  
  19  1:37  Marine  
  20  1:53  Command Center  
  20  2:02  SCV  
  21  2:14  Factory  
  21  2:15  Refinery, SCV  
  22  2:27  Bunker  
  22  2:30  SCV  
  23  2:43  Barracks Tech Lab  
  22  3:21  Siege Tank  
  24  3:31  Marine  
  24  4:06  Factory x2  
  24  4:11  Siege Tank  
  27  4:50  Marine  
  27  4:52  Factory Tech Lab  
  28  4:53  Factory Reactor  
  28  5:08  Orbital Command  
  28  5:10  Siege Tank  
  28  5:13  Siege Tank  
  34  5:29  Engineering Bay, Armory  
  34  5:34  Hellion x2  
  40  5:43  Hellion, SCV  
  41  5:56  SCV  
  42  6:03  Bunker  
  42  6:08  SCV  
  42  6:10  Hellion  
  45  6:20  Supply Depot  
  45  6:29  SCV  
  46  6:42  Hellion, SCV x2  
  46  6:44  Supply Depot  
  50  6:52  Supply Depot  
  50  6:54  SCV x2  
  52  6:55  Supply Depot  
  52  6:56  Supply Depot  
  52  7:00  Supply Depot  
  52  7:06  SCV  
  52  7:07  Marine  
  54  7:24  Missile Turret  
  54  7:25  Marine  
  55  7:35  Missile Turret  
  55  7:43  Marine  
  56  7:44  SCV x2  
  56  7:50  Command Center  
  58  7:56  SCV x2  
  58  7:57  Missile Turret  
  60  8:04  Hellbat  
  62  8:08  SCV x2  
  64  8:19  Supply Depot  
  64  8:21  Supply Depot  
  64  8:22  Missile Turret  
  64  8:25  Thor  
  70  8:29  Thor  
  70  8:31  Missile Turret  
  70  8:33  Terran Vehicle Weapons Level 1  
  76  8:42  SCV x2  
  76  8:44  Refinery  
  76  8:45  Refinery  
  78  9:02  Orbital Command  
  78  9:07  Missile Turret  
  78  9:08  Thor  
  84  9:12  Thor  
  90  9:32  Orbital Command  
  90  9:43  Command Center  
  90  9:45  SCV x2  
  92  9:51  Thor  
  98  9:57  SCV  
  99  10:13  Hellion x2  
  87  10:48  SCV x2  
  87  11:00  SCV x2  
  87  11:08  Hellion x4  
  95  11:31  Command Center  
  95  11:32  Thor x2  
  107  11:33  Hellbat x2  
  111  11:43  Supply Depot  
  111  11:45  Supply Depot  
  111  11:46  Supply Depot  
  111  11:47  Supply Depot x2  
  111  11:51  SCV x2  
  113  11:54  Hellbat, Orbital Command  
  115  12:03  SCV x2  
  117  12:11  Armory, Supply Depot  
  117  12:14  Thor, Supply Depot x2  
  117  12:15  SCV x2  
  125  12:22  Infernal Pre-Igniter  
  125  12:23  Smart Servos  
  125  12:26  Terran Vehicle And Ship Armor Level 1  
  125  12:27  SCV x2  
  125  12:28  Neosteel Armor  
  125  12:29  Refinery  
  127  12:31  Refinery  
  127  12:48  SCV  
  127  12:49  SCV x2  
  127  12:50  Thor  
  136  12:51  Hellbat  
  136  12:52  Hellbat  
  136  12:57  Thor  
  146  13:00  SCV  
  146  13:01  SCV x2  
  149  13:12  SCV  
  150  13:13  SCV, Hellbat  
  153  13:24  Missile Turret x2  
  153  13:25  Missile Turret  
  153  13:33  Thor  
  159  13:40  Thor  
  159  13:41  Hellbat x2  
  169  13:53  SCV  
  169  13:54  SCV x2  
  172  14:02  Hellbat x2  
  176  14:05  Command Center  
  176  14:06  SCV x2  
  178  14:16  Thor  
  178  14:23  Thor  
  182  15:01  Missile Turret  
  182  15:02  Missile Turret  
  182  15:04  Missile Turret  
  182  15:05  Missile Turret  
  165  15:39  Thor x2  
  165  15:41  Hellbat x2  
  179  15:49  Terran Vehicle Weapons Level 2  
  169  15:50  Terran Vehicle And Ship Armor Level 2  
  169  15:54  Planetary Fortress  
  169  16:00  SCV x2  
  169  16:01  SCV  
  169  16:02  Hellbat x2  
  164  16:12  SCV  
  165  16:19  Refinery  
  165  16:22  Refinery, Thor x2  
  165  16:23  Hellbat x2  
  165  16:24  Missile Turret x2  
  165  16:25  Sensor Tower  
  181  16:45  Hellion, Hellbat  
  185  17:05  Thor x2  
  185  17:06  Planetary Fortress, Hellbat  
  199  17:22  Hellion x8  
  199  17:25  Missile Turret  
  199  17:26  Refinery  
  199  17:28  Refinery  
  195  18:53  Starport  
  195  18:54  Starport  
  191  18:56  Starport  
  191  18:59  Starport  
Show
View Real Time Build Order
Export as new Build Order

Xev Zerg 

Build Orders: Pool First, Lurkers 

Get SALT Encoding   

  12  0:08  Drone  
  12  0:12  Drone, Extractor  
  13  0:19  Drone  
  14  0:35  Spawning Pool  
  13  0:38  Drone  
  14  0:46  Extractor  
  14  0:47  Drone  
  15  0:52  Overlord  
  15  1:15  Drone x2  
  17  1:31  Hatchery  
  16  1:38  Queen  
  18  1:46  Metabolic Boost  
  18  1:52  Zergling x2  
  18  1:53  Zergling x2  
  20  2:01  Overlord  
  20  2:06  Drone  
  21  2:14  Zergling x2  
  22  2:27  Zergling x2  
  23  2:36  Queen  
  25  2:49  Zergling x2  
  25  2:50  Zergling x4  
  28  2:54  Zergling x2  
  29  3:04  Drone x3  
  32  3:07  Extractor  
  32  3:12  Evolution Chamber  
  29  3:47  Drone x6  
  35  3:51  Zerg Melee Weapons Level 1  
  35  3:53  Baneling Nest  
  34  4:08  Hatchery  
  31  4:17  Drone  
  31  4:18  Drone x4  
  31  4:21  Lair, Extractor  
  35  4:33  Overlord  
  35  4:47  Overlord  
  35  4:51  Queen, Baneling x2  
  33  5:13  Drone  
  33  5:14  Drone x3  
  36  5:17  Zergling x10  
  36  5:18  Zergling x12  
  48  5:33  Spire  
  47  5:36  Drone  
  48  6:01  Zerg Ground Armor Level 1  
  48  6:04  Drone x3  
  48  6:11  Hydralisk Den  
  50  6:23  Overlord x2  
  50  6:26  Nydus Network, Drone x3  
  50  6:27  Drone x2  
  54  6:32  Extractor  
  54  6:33  Drone x3  
  56  6:42  Grooved Spines  
  56  6:47  Corruptor  
  58  6:56  Extractor  
  57  7:05  Hydralisk x3  
  63  7:08  Overlord x2  
  63  7:11  Zergling x6  
  66  7:18  Extractor  
  66  7:19  Drone x5  
  70  7:24  Pneumatized Carapace  
  68  8:05  Hydralisk x7  
  72  8:06  Hydralisk x2  
  86  8:20  Evolution Chamber  
  86  8:23  Queen  
  87  8:29  Spore Crawler x2  
  85  8:37  Zerg Missile Weapons Level 1  
  85  8:40  Lurker Den  
  84  9:01  Burrow  
  85  9:02  Drone  
  85  9:03  Drone x3  
  85  9:08  Baneling x5  
  88  9:13  Overlord, Drone  
  89  9:18  Zerg Melee Weapons Level 2  
  89  9:27  Infestation Pit  
  88  9:55  Hatchery  
  88  9:56  Hydralisk x3  
  88  9:57  Hydralisk x2  
  92  10:16  Lurker x2  
  63  10:40  Hydralisk x6  
  63  10:41  Hydralisk x6  
  63  10:42  Hydralisk x5  
  91  10:46  Lurker x2  
  91  10:48  Overlord  
  91  10:49  Overlord  
  97  11:04  Hive  
  97  11:06  Pathogen Glands  
  97  11:18  Overseer  
  97  11:19  Overseer  
  97  11:46  Drone x4  
  101  11:47  Overlord x2  
  101  11:49  Corruptor x3  
  101  11:52  Zerg Flyer Weapons Level 1  
  107  12:21  Lurker x5  
  107  12:22  Lurker x3  
  115  12:25  Overlord  
  115  12:27  Drone x4  
  115  12:28  Drone x3  
  122  12:32  Overseer  
  122  12:46  Queen  
  122  12:47  Drone x2  
  120  13:11  Adrenal Glands  
  120  13:13  Zerg Melee Weapons Level 3  
  120  13:20  Ultralisk Cavern  
  120  13:24  Drone x7  
  120  13:25  Drone  
  127  13:30  Hatchery  
  127  13:31  Infestor x2  
  130  13:39  Baneling  
  130  14:00  Drone x4  
  134  14:10  Queen x2  
  133  14:25  Drone x9  
  133  14:28  Drone x13  
  133  14:43  Extractor  
  132  14:45  Extractor  
  132  14:52  Adaptive Talons  
  131  14:54  Overlord x3  
  131  15:02  Greater Spire  
  131  15:04  Infestor x3  
  131  15:05  Infestor x2  
  141  15:07  Overlord  
  141  15:08  Overlord  
  117  15:38  Ultralisk x2  
  117  15:40  Overlord x2  
  117  15:41  Zergling x2  
  117  15:42  Zergling x14  
  149  15:43  Zergling x14  
  149  15:44  Zergling x10  
  88  16:33  Spine Crawler  
  88  16:34  Spine Crawler  
  88  16:35  Spine Crawler  
  85  16:45  Swarm Host x2  
  85  16:46  Swarm Host  
  112  16:53  Baneling x2  
  112  16:56  Brood Lord x3  
  112  16:57  Brood Lord  
  112  16:58  Hydralisk x3  
  126  17:34  Zergling x2  
  126  17:36  Ultralisk x4  
  151  18:04  Hatchery  
  150  18:05  Drone  
  150  18:06  Drone x4  
  150  18:10  Extractor  
  151  18:23  Lurker  
  151  18:24  Lurker x2  
  144  19:05  Drone x6  
Tags
 
Add a new tag
Caveats
  • Supply blocks, unpowered buildings, or Contaminate may cause inaccurate times.
  • Supply counts are checked every 10 seconds.